 Dungeon Crawl Stone Soup version 0.31-a0-876-gfe8ebadbca (webtiles) character file.

Game seed: 3266668282681847289

267 Ahpoh the Slasher (level 6, -9/46 HPs)
             Began as a Demonspawn Gladiator on Oct 13, 2023.
             Mangled by an ogre
             ... wielding a +0 giant spiked club
              (12 damage)
             ... on level 4 of the Dungeon.
             The game lasted 00:08:25 (3536 turns).

Ahpoh the Slasher (Demonspawn Gladiator)            Turns: 3536, Time: 00:08:26

Health: -9/46      AC:  6    Str: 14    XL:     6   Next: 0%
Magic:  6/6        EV: 14    Int: 10    God:
Gold:   217        SH:  0    Dex: 16    Spells: 5/5 levels left

rFire   . . .        a - +1 long sword (freeze)
rCold   . . .        (no shield)
rNeg    . . .        k - +0 scale mail
rPois   .            (helmet restricted)
rElec   .            (no cloak)
rCorr   .            (no gloves)
SInv    .            (no boots)
Will    .....        (no amulet)
Stlth   +            (no ring)
HPRegen 0.27/turn    (no ring)
MPRegen 0.10/turn

%: repel missiles
@: no status effects
A: horns 1, repulsion field 3, demonic guardian 1
a: no special abilities


You were on level 4 of the Dungeon.
You visited 1 branch of the dungeon, and saw 4 of its levels.

You collected 217 gold pieces.

Inventory:

Hand Weapons
 a - a +1 long sword of freezing (weapon)
Missiles
 d - 4 throwing nets (quivered)
 e - a javelin
 p - 11 poisoned darts
Armour
 c - a +0 helmet
 k - a +0 scale mail (worn)
Wands
 h - a wand of flame (33)
Scrolls
 b - 3 scrolls of amnesia
 g - a scroll of brand weapon
 i - 2 scrolls of teleportation
 o - a scroll of identify
 q - a scroll of fog {unknown}
Potions
 f - a potion of might {unknown}
 j - 2 potions of degeneration
 l - a potion of resistance {unknown}
 m - a potion of haste {unknown}
 n - a potion of invisibility {unknown}


   Skills:
 + Level 2.9 Fighting
 + Level 4.2 Long Blades
 + Level 1.9 Throwing
 + Level 1.9 Armour
 + Level 3.7 Dodging
 + Level 1.5 Stealth


You had 5 spell levels left.
You didn't know any spells.
Your spell library contained the following spells:

 Spells                   Type           Power      Damage    Failure   Level
 Lesser Beckoning         Tloc           0%         N/A       94%         2
 Gell's Gravitas          Tloc           0%         N/A       99%         3
 Teleport Other           Tloc           0%         N/A       99%         3
 Anguish                  Hex/Necr       0%         N/A       100%        4
 Cause Fear               Hex            0%         N/A       100%        4
 Manifold Assault         Tloc           0%         N/A       100%        4
 Dispersal                Tloc           0%         N/A       100%        6
 Enfeeble                 Hex            0%         N/A       100%        7
 Disjunction              Tloc           0%         N/A       100%        8


Dungeon Overview and Level Annotations

Branches:
Dungeon (4/15)
 Temple: D:4-7

Altars:
Dithmenos
Hepliaklqana


Innate Abilities, Weirdness & Mutations

You have a pair of small horns on your head.
You are surrounded by a strong repulsion field. (EV +4, RMsl)
A weak demonic guardian rushes to your aid.


Message History

Your ufetubus closely misses the scorpion. x2
The scorpion stings your ufetubus.
Your ufetubus is poisoned.
The scorpion poisons your ufetubus!
Your ufetubus hits the scorpion. x2
You swap places.
You feel sick.
Your ufetubus hits the scorpion.
Your ufetubus hits the scorpion but does no damage.
The scorpion misses your ufetubus.
You feel sick.
Your ufetubus closely misses the scorpion.
Your ufetubus barely misses the scorpion.
The scorpion stings your ufetubus.
Your ufetubus dies!
Your ufetubus disappears in a puff of smoke!
The orc priest begins to cast a cantrip, but forgets the words!
You feel sick. The scorpion stings your white imp.
Your white imp gestures at the scorpion.
The puff of frost hits the scorpion!
The scorpion dies!
Your Long Blades skill increases to level 4!
You have reached level 6!
Your demonic ancestry asserts itself...
Your repulsive radiation grows stronger.
You feel sick.
Your white imp closely misses something.
You feel sick. Something hits your white imp.
The orc priest mumbles some strange prayers to Beogh against you.
Beogh smites you!
* * * LOW HITPOINT WARNING * * *
You feel sick.
You feel sick.
As you read the scroll of teleportation, it crumbles to dust.
You feel strangely unstable.
You feel sick.
You feel sick.
You are no longer poisoned.
Your surroundings suddenly seem different.
An ogre and a kobold come into view.
The kobold is wielding a +0 club and quivering poisoned darts.
The ogre shouts!
The kobold shouts!
The ogre hits you with a +0 giant spiked club!
You die...

###... #####...
#....... #
###..####.. #.
.... #.# #.###
###..## ...
###...##.......
....
...............
.....
......O@.K.....
#.....
...............
#.....
########.......
##.... .......
....... #######


You could see an ogre and a kobold.

Vanquished Creatures
  An orc priest (D:3)
  Jessica (D:2)
  An orc wizard (D:2)
  3 gnolls (D:4)
  4 adders
  3 worms
  2 orcs (D:2)
  10 ball pythons
  2 endoplasms
  5 giant cockroaches
  5 goblins
  6 hobgoblins
  3 kobolds
  3 quokkas
  2 bats
  2 frilled lizards
  2 rats
55 creatures vanquished.

Vanquished Creatures (collateral kills)
  A scorpion (D:4)
  An orc (D:2)
2 creatures vanquished.

Grand Total: 57 creatures vanquished

Notes
Turn   | Place    | Note
-------+----------+-------------------------------------------
     0 | D:1      | Ahpoh the Demonspawn Gladiator began the quest for the Orb.
     0 | D:1      | Reached XP level 1. HP: 16/16 MP: 1/1
   367 | D:1      | Reached skill level 3 in Long Blades
   400 | D:1      | Found a faded altar of an unknown god.
   415 | D:1      | Gained mutation: You are surrounded by a mild repulsion
                  | field. (EV +2) [demonic ancestry]
   415 | D:1      | Reached XP level 2. HP: 22/22 MP: 2/2
  1090 | D:2      | Noticed Jessica
  1096 | D:2      | Killed Jessica
  1097 | D:2      | Gained mutation: A weak demonic guardian rushes to your
                  | aid. [demonic ancestry]
  1097 | D:2      | Reached XP level 3. HP: 27/27 MP: 3/3
  1145 | D:2      | Reached skill level 1 in Armour
  1523 | D:2      | Identified the +1 spear "Wupo Eleonae" {heavy, rC+ rCorr
                  | Int+4 Dex-4}
  1536 | D:2      | Gained mutation: You have a pair of small horns on your
                  | head. [demonic ancestry]
  1536 | D:2      | Reached XP level 4. HP: 34/34 MP: 4/4
  2453 | D:3      | Found a shadowy altar of Dithmenos.
  2453 | D:3      | Noticed a shadow
  2456 | D:3      | Found a hazy altar of Hepliaklqana.
  2939 | D:2      | Gained mutation: You are surrounded by a moderate repulsion
                  | field. (EV +3) [demonic ancestry]
  2939 | D:2      | Reached XP level 5. HP: 26/39 MP: 5/5
  3091 | D:3      | Reached skill level 1 in Stealth
  3528 | D:4      | Reached skill level 4 in Long Blades
  3528 | D:4      | Gained mutation: You are surrounded by a strong repulsion
                  | field. (EV +4, RMsl) [demonic ancestry]
  3528 | D:4      | Reached XP level 6. HP: 20/46 MP: 6/6
  3533 | D:4      | HP: 2/46 [poisoned by a scorpion]
  3536 | D:4      | Mangled by an ogre

Illustrated notes

Levels and vault maps discovered:
D:1:      roderic_crop_circles_arrival_small, layout_loops_cross,
          shapermc_ecumenical_altar_starsandcircs, minmay_domino_2
D:2:      layout_loops_corners, bh_walls_and_bars, uniq_jessica
D:3:      layout_loops_corners, riverfiend_overflow_shadow_ancestor
D:4:      nicolae_cairo_tiling, layout_rooms,
          nicolae_overflow_hallway_of_the_gods

Skill      XL: |  1  2  3  4  5 |
---------------+----------------+-----
Long Blades    | 3 4 |  4.2
Dodging        | 3 |  3.7
Armour         | 1 |  1.9
Stealth        | 1 |  1.5
Fighting       | |  2.9
Throwing       | |  1.9

Action                     |  1- 3 |  4- 6 || total
---------------------------+-------+-------++-------
  Melee: Long sword        |    73 |    76 ||   149
         Punch             |     1 |     2 ||     3
         Headbutt          |       |    10 ||    10
  Evoke: Wand              |       |     1 ||     1
    Use: Scroll            |     8 |     3 ||    11
 Armour: Leather armour    |    35 |    24 ||    59
         Scale mail        |       |    20 ||    20
  Dodge: Dodged            |    63 |    66 ||   129

Table legend: (Time is in decaauts)
 A = Elapsed time spent in this place.
 B = Non-inter-level travel time spent in this place.
 C = Inter-level travel time spent in this place.
 D = Time resting spent in this place.
 E = Time spent auto-exploring this place.
 F = Levels seen in this place.
 G = Mean time per level.
                   A        B        C        D        E       F      G
               +--------+--------+--------+--------+--------+-----+--------+
         Total |   3574 |   3348 |    226 |    149 |   2293 |   4 |  893.5 |
       Dungeon |   3574 |   3348 |    226 |    149 |   2293 |   4 |  893.5 |
               +--------+--------+--------+--------+--------+-----+--------+

Top non-repeatable levels by time:
     D:2: 1415 daAuts
     D:3: 1090 daAuts
     D:1: 834 daAuts
     D:4: 234 daAuts
